 Dungeon Crawl Stone Soup version 0.26-a0-61-g6c07f0e (webtiles) character file.

Game seed: 12266333571327894556

484 robertstho the Magician (level 6, -1/32 HPs)
             Began as a Deep Elf Fire Elementalist on June 9, 2020.
             Slain by Crazy Yiuf
             ... wielding a +4 quarterstaff of chaos
              (3 damage)
             ... while paralysed by Crazy Yiuf
             ... on level 3 of the Dungeon.
             The game lasted 00:07:38 (3461 turns).

robertstho the Magician (DEFE)                      Turns: 3461, Time: 00:07:39

Health: -1/32      AC:  5    Str:  5    XL:     6   Next: 88%
Magic:  16/16      EV:  2    Int: 25    God:
Gold:   173        SH:  0    Dex: 15    Spells: 3/16 levels left

rFire    . . .     SeeInvis .   o - +0 trident
rCold    . . .     Gourm    .   (no shield)
rNeg     . . .     Faith    .   a - +0 robe
rPois    .         Spirit   .   k - +1 helmet {Int+3}
rElec    .         Reflect  .   (no cloak)
rCorr    .         Harm     .   v - +0 pair of gloves
MR       .....                  (no boots)
Stlth    +++.......             (no amulet)
HPRegen  0.10/turn              i - ring of stealth
MPRegen  0.15/turn              (no ring)

@: paralysed, agile
A: no striking features
a: no special abilities


You were on level 3 of the Dungeon.
You were not hungry.

You visited 1 branch of the dungeon, and saw 3 of its levels.

You collected 173 gold pieces.

Inventory:

Hand Weapons
 d - a +0 dagger
 o - a +0 trident (weapon)
Missiles
 e - 7 datura-tipped darts (quivered)
Armour
 a - a +0 robe (worn)
 f - a +0 helmet
 k - a +1 helmet of intelligence (worn)
 v - a +0 pair of gloves (worn)
Jewellery
 i - a ring of stealth (left hand)
 m - an uncursed ring of ice
 w - an uncursed ring of see invisible {unknown}
Wands
 r - a wand of digging (3)
Scrolls
 b - a scroll of enchant weapon {unknown}
 g - a scroll of remove curse {unknown}
 h - a scroll of blinking {unknown}
 l - a scroll of enchant armour {unknown}
 q - a scroll of fog {unknown}
 t - a scroll of noise {unknown}
 u - a scroll of immolation {unknown}
 x - 3 scrolls of teleportation {unknown}
Potions
 n - a potion of brilliance {unknown}
 p - a potion of berserk rage {unknown}
 s - a potion of degeneration {unknown}
 z - a potion of heal wounds {unknown}
Comestibles
 c - 5 rations


   Skills:
 + Level 0.2 Fighting
 + Level 0.7 Polearms
 + Level 2.5 Dodging
 + Level 3.4 Stealth
 * Level 5.9 Spellcasting
 * Level 4.1 Conjurations
 * Level 5.4 Fire Magic


You had 3 spell levels left.
You knew the following spells:

 Your Spells              Type           Power        Failure   Level  Hunger
a - Foxfire               Conj/Fire      ####         1%          1    None
b - Conjure Flame         Conj/Fire      ####....     3%          3    #......
c - Sticky Flame          Conj/Fire      ####....     11%         4    ###....
d - Fireball              Conj/Fire      ####......   28%         5    #####..

Your spell library contained the following spells:

 Spells                   Type           Power        Failure   Level  Hunger
 Inner Flame              Hex/Fire       ###.....     8%          3    #......


Dungeon Overview and Level Annotations

Branches:
Dungeon (3/15)

Altars:
Ashenzari

Annotations:
D:3 1 runed translucent door, Crazy Yiuf


Message History

Found a mace.
Found a runed translucent door.
You open the door.
There is an open translucent door here.
You barely miss Crazy Yiuf.
Crazy Yiuf says, "Shower!
Walk pontify hand."
Crazy Yiuf hits you with a +4 quarterstaff of chaos!
You suddenly lose the ability to move!
Crazy Yiuf hits you with a +4 quarterstaff of chaos!
Crazy Yiuf burns you.
* * * LOW HITPOINT WARNING * * *
Crazy Yiuf cries, "Walk ladder head!"
Crazy Yiuf completely misses you.
Crazy Yiuf hits you with a +4 quarterstaff of chaos.
* * * LOW HITPOINT WARNING * * *
You feel agile all of a sudden.
Crazy Yiuf drinks a potion.
Crazy Yiuf suddenly seems more resistant.
Crazy Yiuf glowers.
Crazy Yiuf hits you with a +4 quarterstaff of chaos.
You die...

#.# #......#.
#.#########..#.#
#...o...........
###########....#
#..... #..... #####
♣♣###...). #)..#♣♣
♣♣P.#.#....
#.g@'.♣♣♣♣PP........
#...#♣..♣......#.#..
#####♣♣♣.♣...###....
♣♣♣♣♣## ###.. #..
#.. #.. ##. ##


You could see Crazy Yiuf (resistant).

Vanquished Creatures
  Grinder (D:3)
  A sky beast (D:3)
  A crimson imp (D:3)
  Terence (D:3)
  5 adders
  An ooze (D:3)
  2 worms (D:2)
  2 dart slugs
  3 leopard geckos
  3 orcs (D:3)
  5 giant cockroaches
  10 goblins
  6 hobgoblins
  9 jackals
  9 kobolds
  2 ball pythons
  8 bats
  A frilled lizard (D:3)
  11 rats
81 creatures vanquished.

Vanquished Creatures (collateral kills)
  A jackal (D:2)
1 creature vanquished.

Vanquished Creatures (others)
  171 foxfires
171 creatures vanquished.

Grand Total: 253 creatures vanquished

Notes
Turn   | Place    | Note
-------+----------+-------------------------------------------
     0 | D:1      | robertstho the Deep Elf Fire Elementalist began the quest
                  | for the Orb.
     0 | D:1      | Reached XP level 1. HP: 10/10 MP: 6/6
   141 | D:1      | Reached XP level 2. HP: 15/15 MP: 2/8
   976 | D:2      | Reached XP level 3. HP: 19/19 MP: 6/10
  1328 | D:2      | Reached XP level 4. HP: 19/24 MP: 6/12
  2203 | D:3      | Noticed Terence
  2214 | D:3      | Killed Terence
  2238 | D:3      | Noticed a sky beast
  2244 | D:3      | Killed a sky beast
  2244 | D:3      | Reached skill level 5 in Spellcasting
  2244 | D:3      | Reached XP level 5. HP: 10/28 MP: 8/14
  2458 | D:3      | Found a shattered altar of Ashenzari.
  2616 | D:3      | Noticed Grinder
  2626 | D:3      | Killed Grinder
  2626 | D:3      | Reached skill level 5 in Fire Magic
  2626 | D:3      | Reached XP level 6. HP: 32/32 MP: 10/16
  2739 | D:3      | Found a runed translucent door.
  2995 | D:3      | Learned a level 3 spell: Conjure Flame
  3000 | D:3      | Learned a level 4 spell: Sticky Flame
  3006 | D:3      | Learned a level 5 spell: Fireball
  3449 | D:3      | Found a runed translucent door.
  3450 | D:3      | Noticed Crazy Yiuf
  3456 | D:3      | Paralysed by Crazy Yiuf for 6 turns
  3461 | D:3      | Slain by Crazy Yiuf

Illustrated notes

Levels and vault maps discovered:
D:1:      lightli_arrival_lavapool, layout_loops_ring
D:2:      layout_loops_ring
D:3:      layout_loops_ring, evilmike_ruin_ashenzari,
          ebering_ghost_reflecting_pool, uniq_crazy_yiuf_cottage, uniq_grinder,
          uniq_terence

Skill      XL: |  1  2  3  4  5  6 |
---------------+-------------------+-----
Fire Magic     | 4 5 |  5.4
Spellcasting   | 4 5 |  5.9
Conjurations   | 3 4 |  4.1
Stealth        | 3 |  3.4
Fighting       | |  0.2
Polearms       | |  0.7
Dodging        | |  2.5

Action                   |  1- 3 |  4- 6 || total
-------------------------+-------+-------++-------
Melee: Dagger            |     7 |     1 ||     8
       Trident           |       |    94 ||    94
 Cast: Foxfire           |    64 |    86 ||   150
  Use: Potion            |       |     1 ||     1
 Stab: Sleeping          |       |     3 ||     3
  Eat: Chunk             |     1 |     7 ||     8
Armor: Robe              |     2 |    22 ||    24
Dodge: Dodged            |    13 |    75 ||    88

Table legend:
 A = Non-vault XP
 B = Vault XP
 C = Vault XP percentage of total XP
 D = Non-vault monster count
 E = Vault monster count
 F = Vault count percentage of total count
                 A         B        C        D         E       F
            +---------+---------+-------+---------+---------+-------
      Total |     384 |     308 |  44.5 |      80 |       2 |   2.4
            +---------+---------+-------+---------+---------+-------
        D:1 |      39 |       0 |   0.0 |      22 |       0 |   0.0
        D:2 |      97 |       0 |   0.0 |      31 |       0 |   0.0
        D:3 |     248 |     308 |  55.4 |      27 |       2 |   6.9
            +---------+---------+-------+---------+---------+-------
